 Dungeon Crawl Stone Soup version 0.29.0-11-gd7f09526c8 (webtiles) character file.

Game seed: 11812113818301012176

1825 LabCoat the Cleaver (level 9, -11/74 HPs)
             Began as a Hill Orc Fighter on Sept 2, 2022.
             Was a Follower of Trog.
             Killed from afar by a steam dragon (40 damage)
             ... with a ball of steam
             ... on level 7 of the Dungeon.
             The game lasted 00:21:50 (6436 turns).

LabCoat the Cleaver (Hill Orc Fighter)              Turns: 6436, Time: 00:21:51

Health: -11/74     AC: 14    Str: 33    XL:     9   Next: 11%
Magic:  9/9        EV:  8    Int:  8    God:    Trog [*.....]
Gold:   411        SH:  9    Dex: 10    Spells: 8/8 levels left

rFire   x . .      SeeInvis .   l - +9 war axe "Xuomm" {spect, rPois}
rCold   + . .      Faith    .   y - +1 kite shield
rNeg    . . .      Spirit   .   k - +0 chain mail
rPois   +          Reflect  .   n - +1 helmet "Avvestai" {rPois rF- Str+4}
rElec   .          Harm     .   q - +0 cloak
rCorr   .          Rampage  .   A - +0 pair of gloves
Will    .....                   (no boots)
Stlth   ..........              v - amulet of the acrobat
HPRegen 0.22/turn               z - ring of protection from cold
MPRegen 0.11/turn               I - +6 ring of strength

@: no status effects
A: no striking features
a: Renounce Religion, Berserk


You were on level 7 of the Dungeon.
You worshipped Trog.
Trog was aware of your devotion.
You visited 2 branches of the dungeon, and saw 8 of its levels.

You collected 593 gold pieces.
You spent 182 gold pieces at shops.

Inventory:

Hand Weapons
 c - a +0 flail of draining
 l - the +9 war axe "Xuomm" (weapon) {spect, rPois}
   (You acquired it on level 2 of the Dungeon)

   When its wielder attacks, the weapon's spirit leaps out and strikes again.
   The spirit shares a part of any damage it takes with its wielder.
   rPois:     It protects you from poison.
 J - a +2 broad axe of electrocution
Missiles
 j - 15 poisoned darts
 w - 5 atropa-tipped darts (quivered)
 E - 6 boomerangs
Armour
 k - a +0 chain mail (worn)
 n - the +1 helmet "Avvestai" (worn) {rPois rF- Str+4}
   (You took it off Robin on level 2 of the Dungeon)

   Str:       It affects your strength (+4).
   rF:        It makes you vulnerable to fire.
   rPois:     It protects you from poison.
 o - a +1 helmet
 q - a +0 cloak (worn)
 x - a scarf of resistance
 y - a +1 kite shield (worn)
 A - a +0 pair of gloves (worn)
Jewellery
 b - a ring of fire
 e - a ring of willpower
 m - a ring of protection from fire
 v - an amulet of the acrobat (around neck)
 z - a ring of protection from cold (left hand)
 I - a +6 ring of strength (right hand)
 K - a +6 ring of intelligence
Wands
 a - a wand of digging (2)
Scrolls
 d - a scroll of teleportation
 f - 2 scrolls of immolation
 g - a scroll of enchant armour
 u - a scroll of fear
 D - 2 scrolls of magic mapping
 G - a scroll of blinking {unknown}
 H - a scroll of enchant weapon
 L - a scroll of poison
Potions
 h - 2 potions of lignification
 i - 5 potions of curing
 p - a potion of attraction {unknown}
 r - a potion of flight {unknown}
 s - a potion of haste {unknown}
 B - 3 potions of might
 C - 2 potions of heal wounds
 F - a potion of invisibility {unknown}


   Skills:
 + Level 5.5 Fighting
 * Level 10.4 Axes
 + Level 3.2 Throwing
 + Level 5.9 Armour
 + Level 1.9 Dodging
 + Level 4.2 Shields
 + Level 3.0 Evocations


You had 8 spell levels left.
You didn't know any spells.
Your spell library contained the following spells:

 Spells                   Type           Power      Damage    Failure   Level
 Magic Dart               Conj           0%         1d3       99%         1
 Call Imp                 Summ           0%         N/A       100%        2
 Poisonous Vapours        Pois/Air       0%         N/A       100%        2
 Ignite Poison            Fire/Tmut/Pois 0%         N/A       100%        3
 Mephitic Cloud           Conj/Pois/Air  0%         N/A       100%        3
 Corpse Rot               Necr/Pois/Air  0%         N/A       100%        4
 Freezing Cloud           Conj/Ice/Air   0%         6-21      100%        5


Dungeon Overview and Level Annotations

Branches:
Dungeon (7/15)             Temple (1/1) D:4

Altars:
Ashenzari
Dithmenos
Elyvilon
Fedhas
Gozag
Hepliaklqana
Kikubaaqudgha
Makhleb
Nemelex Xobeh
Okawaru
Qazlal
Ru
Sif Muna
Trog
Wu Jian
Yredelemnul
Zin

Shops:
D:6 (


Message History

The atropa-tipped dart hits the steam dragon!
The steam dragon appears confused.
Okay, then.
Throw: 3 javelins
Press: ? - help, Shift-Dir - straight line, f/p - steam dragon
Aim: a steam dragon (confused, blind, 78% to hit)
You throw a javelin.
The javelin barely misses the steam dragon.
The steam dragon seems less confused.
Okay, then.
Throw: 2 javelins
Press: ? - help, Shift-Dir - straight line, f/p - steam dragon
Aim: a steam dragon (blind, 59% to hit)
You throw a javelin.
The javelin pierces through the steam dragon but does no damage.
Throw: javelin
Press: ? - help, Shift-Dir - straight line, f/p - steam dragon
Aim: a steam dragon (blind, 59% to hit)
You throw a javelin.
The javelin barely misses the steam dragon.
Okay, then.
Throw: 16 darts (poison)
Press: ? - help, Shift-Dir - straight line, f/p - steam dragon
Aim: a steam dragon (blind, 59% to hit)
You throw a poisoned dart.
The poisoned dart hits the steam dragon.
The steam dragon is poisoned.
The steam dragon is no longer blind.
The steam dragon breathes steam at you. The ball of steam misses you.
You are engulfed in a cloud of scalding steam.
You are engulfed in a cloud of scalding steam.
You block the steam dragon's attack. x2
You closely miss the steam dragon.
The steam dragon is lightly wounded.
You are engulfed in a cloud of scalding steam.
The steam dragon breathes steam at you. The ball of steam hits you!!!
The steam scalds you terribly!
Ouch! That really hurt!
You die...

.# .. #. #. #.## .# ###### #..#
#((# #..... ..#####.##§D(#
#####.._.. .......§@D§#
#...#..... #######§###
#.###⌠#.#⌠ #§## ##.# ###.##
#### #..# #..# #.# ...####.#
#.## #.# .###### #..# #.## #.#
####.# .......####.###..#####.#
#....#
#...................##.###.####
#........##).#.............##


You could see a steam dragon (poisoned, catching breath).

Vanquished Creatures
  Joseph (D:7)
  Menkaure (D:4)
  Edmund (D:4)
  4 ogres
  A bullfrog (D:6)
  2 necrophages
  A scorpion (D:5)
  An orc priest (D:6)
  A jelly (D:5)
  3 hounds
  2 gnoll boudas
  4 iguanas
  4 orc wizards (D:5)
  Robin (D:2)
  11 gnolls
  7 adders
  A white imp (D:5)
  An ufetubus (D:5)
  A worm (D:3)
  A dart slug (D:1)
  19 orcs
  5 ball pythons
  6 bats
  5 endoplasms
  2 giant cockroaches
  23 goblins
  9 hobgoblins
  6 jackals
  2 quokkas (D:1)
  2 frilled lizards
  9 kobolds
  4 rats
141 creatures vanquished.

Notes
Turn   | Place    | Note
-------+----------+-------------------------------------------
     0 | D:1      | LabCoat the Hill Orc Fighter began the quest for the Orb.
     0 | D:1      | Reached XP level 1. HP: 19/19 MP: 1/1
   364 | D:1      | Reached skill level 3 in Axes
   364 | D:1      | Reached XP level 2. HP: 8/27 MP: 2/2
  1503 | D:2      | Reached XP level 3. HP: 33/33 MP: 3/3
  1518 | D:2      | Identified a scroll of acquirement
  1518 | D:2      | Acquired the +9 war axe "Xuomm" {spect, rPois}
  1575 | D:2      | Identified the +1 helmet "Avvestai" {rPois rF- Str+4}
  1575 | D:2      | Noticed Robin
  1589 | D:2      | Killed Robin
  1590 | D:2      | Reached skill level 4 in Axes
  1696 | D:2      | Reached XP level 4. HP: 40/40 MP: 4/4
  1719 | D:2      | Found a sacrificial altar of Ru.
  2228 | D:3      | Reached skill level 5 in Axes
  2491 | D:3      | Found a blossoming altar of Fedhas.
  2492 | D:3      | Found a stormy altar of Qazlal.
  2492 | D:3      | Found a burning altar of Makhleb.
  2494 | D:3      | Found an ancient bone altar of Kikubaaqudgha.
  2622 | D:3      | Found a faded altar of an unknown god.
  2836 | D:3      | Noticed an ogre
  2839 | D:3      | Reached XP level 5. HP: 46/46 MP: 5/5
  2846 | D:3      | Killed an ogre
  2847 | D:3      | Reached skill level 6 in Axes
  2847 | D:3      | Reached skill level 1 in Throwing
  3045 | D:4      | Noticed Edmund
  3054 | D:4      | Killed Edmund
  3055 | D:4      | Reached XP level 6. HP: 48/52 MP: 6/6
  3124 | D:4      | Reached skill level 7 in Axes
  3683 | D:4      | Found a broken altar of Ashenzari.
  3688 | D:4      | Found a staircase to the Ecumenical Temple.
  3703 | Temple   | Entered the Ecumenical Temple
  3762 | Temple   | Became a worshipper of Trog the Wrathful
  3852 | D:4      | Found an iron altar of Okawaru.
  3871 | D:4      | Found a sparkling altar of Nemelex Xobeh.
  4034 | D:4      | Noticed Menkaure
  4037 | D:4      | Killed Menkaure
  4038 | D:4      | Reached skill level 1 in Dodging
  4038 | D:4      | Reached XP level 7. HP: 32/60 MP: 7/7
  4308 | D:5      | Entered Level 5 of the Dungeon
  4317 | D:5      | Reached skill level 8 in Axes
  4569 | D:5      | Reached skill level 5 in Fighting
  4569 | D:5      | Reached skill level 9 in Axes
  4569 | D:5      | Reached XP level 8. HP: 49/68 MP: 8/8
  4731 | D:5      | Reached * piety under Trog
  5294 | D:5      | Found a glowing silver altar of Zin.
  5466 | D:6      | Found Coteq's Antique Weapon Shop.
  5489 | D:6      | Bought a glowing broad axe for 182 gold pieces
  5635 | D:6      | Reached skill level 5 in Armour
  5889 | D:6      | Found a white marble altar of Elyvilon.
  6096 | D:6      | Reached skill level 1 in Evocations
  6239 | D:7      | Noticed Joseph
  6243 | D:6      | Reached skill level 10 in Axes
  6256 | D:7      | Killed Joseph
  6257 | D:7      | Reached XP level 9. HP: 54/74 MP: 9/9
  6391 | D:7      | Found a shadowy altar of Dithmenos.
  6436 | D:7      | Killed from afar by a steam dragon

Illustrated notes

Levels and vault maps discovered:
D:1:      erik_arrival_cave_to_civilisation [erik_arrival_cave_to_hall],
          layout_basic
D:2:      layout_basic, basic_altar, uniq_robin
D:3:      minmay_diamond_boxcup, layout_rooms,
          chequers_temple_overflow_statue_of_worship,
          chequers_ecumenical_altar_island, minmay_ogre_servants
D:4:      layout_loops_ring, nemelex_spade_bored_becter,
          mainiacjoe_overflow_24_doors, ashenzari_altar_1,
          minmay_temple_entry_statues_fountains, uniq_menkaure, uniq_edmund
D:5:      layout_cave_pools, zin_treasury, minmay_fractal_squares_gapless_5
D:6:      layout_basic, nicolae_elyvilon_temple_path, serial_shops, shop
D:7:      layout_rooms, kennysheep_mini, mainiacjoe_overflow_alcove_2,
          minmay_ruined_shrine, uniq_pikel, uniq_joseph
Temple:   nicolae_temple_superstar

Skill      XL: |  1  2  3  4  5  6  7  8 |
---------------+-------------------------+-----
Axes           | 3 4 5 6 7 9 10 | 10.4
Fighting       | 4 5 |  5.5
Throwing       | 1 2 3 |  3.2
Armour         | 4 5 |  5.9
Dodging        | 1 |  1.9
Evocations     | 3 |  3.0
Shields        | 4 |  4.2

Action                   |  1- 3 |  4- 6 |  7- 9 || total
-------------------------+-------+-------+-------++-------
Melee: War axe           |    82 |    73 |    56 ||   211
Throw: Dart              |    15 |    12 |    27 ||    54
       Javelin           |       |     6 |    11 ||    17
Evoke: Wand              |       |       |    42 ||    42
  Use: Scroll            |     4 |    10 |     4 ||    18
       Potion            |       |     1 |     1 ||     2
Armor: Scale mail        |    24 |       |       ||    24
       Chain mail        |    24 |    13 |    15 ||    52
Dodge: Dodged            |    36 |    20 |    17 ||    73
Block: Buckler           |    11 |     2 |       ||    13
       Kite shield       |       |    14 |    27 ||    41
